 Dungeon Crawl Stone Soup version 0.19-a0-1908-g43c011f (webtiles) character file.

82 Kaname the Magician (level 4, 0/26 HPs)
             Began as a High Elf Wanderer on Oct 22, 2016.
             Succumbed to an adder's poison
             ... on level 2 of the Dungeon.
             The game lasted 00:09:06 (3503 turns).

Kaname the Magician (High Elf Wanderer)             Turns: 3503, Time: 00:09:07

Health: 0/26       AC:  3    Str: 11 (12) XL:     4   Next: 21%
Magic:  12/12      EV: 12    Int: 15 (16) God:
Gold:   79         SH:  0    Dex: 12 (14) Spells: 5 memorised, 1 level left

rFire  . . .     SeeInvis .     e - +0 dagger
rCold  . . .     Gourm    .     d - +0 robe
rNeg   + . .     Faith    .     (no shield)
rPois  .         Spirit   .     q - +0 helmet
rElec  .         Reflect  .     (no cloak)
rCorr  .         Harm     .     (no gloves)
MR     .....                    (no boots)
Stlth  ++........               (no amulet)
                                (no ring)
                                c - ring of positive energy

@: lethally poisoned (0 -> -8)
A: blurry vision 1, frail 1, mutation resistance 1
a: no special abilities


You were on level 2 of the Dungeon.
You were not hungry.

You visited 1 branch of the dungeon, and saw 2 of its levels.

You collected 79 gold pieces.

Inventory:

Hand Weapons
 e - a +0 dagger (weapon)
 g - a +0 hunting sling
Missiles
 l - 70 stones (quivered)
 m - 14 poisoned needles
Armour
 d - a +0 robe (worn)
 q - a +0 helmet (worn)
Jewellery
 c - a ring of positive energy (left hand)
Scrolls
 h - 2 scrolls of amnesia
 p - 3 scrolls of immolation
Books
 a - a book of Minor Magic

   Spells                             Type                      Level
   a - Magic Dart                     Conjuration                  1
   b - Blink                          Translocation                2
   c - Call Imp                       Summoning                    2
   d - Repel Missiles                 Charms/Air                   2
   e - Slow                           Hexes                        2
   f - Conjure Flame                  Conjuration/Fire             3
   g - Mephitic Cloud                 Conjuration/Poison/Air       3
 b - the Papyrus of the Heron

   Spells                             Type                      Level
   a - Throw Frost                    Conjuration/Ice              2
   b - Ensorcelled Hibernation        Hexes/Ice                    2
Comestibles
 f - a bread ration
 k - 2 meat rations
 n - 3 fruits


   Skills:
 - Level 2.0 Fighting
 - Level 2.4 Short Blades
 - Level 1.0 Throwing
 - Level 1.1 Dodging
 + Level 3.3 Stealth
 - Level 5.0 Spellcasting
 + Level 0.6 Hexes
   Level 1.1 Transmutations
   Level 1.0 Evocations


You had one spell level left.
You knew the following spells:

 Your Spells              Type           Power        Failure   Level  Hunger
a - Blink                 Tloc           N/A          28%         2    ##.....
b - Ensorcelled Hibernat  Hex/Ice        #.....       21%         2    ##.....
c - Repel Missiles        Chrm/Air       #.....       28%         2    ##.....
d - Mephitic Cloud        Conj/Pois/Air  #.......     56%         3    ###....
e - Conjure Flame         Conj/Fire      #.......     56%         3    ###....


Dungeon Overview and Level Annotations

Branches:
Dungeon (2/15)

Altars:


Innate Abilities, Weirdness & Mutations

Scrolls take you a little longer to read.
You are frail. (-10% HP)
You are somewhat resistant to further mutation.


Message History

The frilled lizard bites you but does no damage.
The adder completely misses you.
You hit the adder.
The adder is severely wounded.
The adder closely misses you.
The frilled lizard bites you but does no damage.
You hit the adder but do no damage.
The adder is severely wounded.
* * * LOW HITPOINT WARNING * * *
You feel sick. The adder barely misses you.
The frilled lizard barely misses you.
Unknown command.
You completely miss the adder.
The adder is severely wounded.
The adder bites you.
* * * LOW HITPOINT WARNING * * *
The frilled lizard closely misses you. The adder completely misses you.
You hit the adder.
The adder is almost dead.
You die...

#.## ##....<## #.##
##...## #..# #'#
##.# #.# #.# #.#
#.#########.##
#............##
#..######...l.##
#..##......@S..#
#.....#.#.#.##.....
##.##...#)### ###
#.######.# #.. ..#
### ###


You could see an adder and a frilled lizard.

Vanquished Creatures
  Robin (D:2)
  An adder (D:2)
  2 worms (D:2)
  3 dart slugs (D:1)
  A leopard gecko (D:2)
  3 bats (D:1)
  4 giant cockroaches
  7 goblins
  11 hobgoblins
  4 jackals (D:2)
  A quokka (D:2)
  3 frilled lizards (D:1)
  2 kobolds
  3 rats
46 creatures vanquished.

Notes
Turn   | Place    | Note
-------+----------+-------------------------------------------
     0 | D:1      | Kaname the High Elf Wanderer began the quest for the Orb.
     0 | D:1      | Kaname set off with: a book of Minor Magic, the Papyrus of the Heron, a potion of curing, a +0 robe, a +0 dagger, a bread ration
     0 | D:1      | Reached XP level 1. HP: 11/11 MP: 7/7
     0 | D:1      | Identified the Papyrus of the Heron
   372 | D:1      | Reached skill level 1 in Stealth
   632 | D:1      | Reached skill level 5 in Spellcasting
   728 | D:1      | Reached XP level 2. HP: 17/17 MP: 9/9
   772 | D:1      | Learned a level 2 spell: Blink
   775 | D:1      | Learned a level 2 spell: Ensorcelled Hibernation
   778 | D:1      | Learned a level 2 spell: Repel Missiles
  1135 | D:1      | Reached skill level 1 in Fighting
  1519 | D:2      | Reached XP level 3. HP: 18/23 MP: 10/10
  2064 | D:2      | Noticed Robin
  2141 | D:2      | Killed Robin
  2192 | D:2      | HP: 1/23 [hobgoblin[Robin] (5)]
  2648 | D:2      | Learned a level 3 spell: Mephitic Cloud
  2652 | D:2      | Learned a level 3 spell: Conjure Flame
  2844 | D:2      | Reached XP level 4. HP: 16/29 MP: 12/12
  3495 | D:2      | Gained mutation: Scrolls take you a little longer to read. [potion of mutation]
  3495 | D:2      | Gained mutation: You are somewhat resistant to further mutation. [potion of mutation]
  3495 | D:2      | Gained mutation: You are frail. (-10% HP) [potion of mutation]
  3501 | D:2      | HP: 1/26 [poisoned by an adder]
  3503 | D:2      | Succumbed to an adder's poison

Vault maps used:
D:1:      lightli_arrival_statue_moat
D:2:      grunt_ministairs_4, uniq_robin, uniq_terence

Skill      XL: |  1  2  3 |
---------------+----------+-----
Stealth        | 1 2 3 |  3.3
Spellcasting   | 5 |  5.0
Fighting       | 1 2 |  2.0
Short Blades   | |  2.4
Throwing       | |  1.0
Dodging        | |  1.1
Hexes          | |  0.6
Transmutations | |  1.1
Evocations     | |  1.0

Action                   |  1- 3 |  4- 6 || total
-------------------------+-------+-------++-------
Melee: Dagger            |   178 |    66 ||   244
 Fire: Hunting sling     |    23 |       ||    23
 Cast: Ensorcelled Hiber |     1 |     3 ||     4
  Use: Scroll            |     5 |       ||     5
       Potion            |     3 |     2 ||     5
 Stab: Sleeping          |     6 |     1 ||     7
  Eat: Chunk             |     3 |     1 ||     4
       Bread ration      |     1 |       ||     1
Armor: Robe              |    21 |    17 ||    38
       Skin              |     4 |       ||     4
Dodge: Dodged            |   111 |    60 ||   171
